 Dungeon Crawl Stone Soup version 0.28-a0-726-g4a9143789a (webtiles) character file.

Game seed: 1362574796169309560

200 Gwenloh the Skirmisher (level 6, -25/48 HPs)
             Began as a Formicid Abyssal Knight on Oct 27, 2021.
             Was a Believer of Lugonu.
             Killed from afar by Ijyb (43 damage)
             ... with a bolt of acid
             ... on level 3 of the Dungeon on Oct 28, 2021.
             The game lasted 00:19:37 (3992 turns).

Gwenloh the Skirmisher (Formicid Abyssal Knight)    Turns: 3992, Time: 00:19:38

Health: -25/48     AC:  4    Str: 17    XL:     6   Next: 6%
Magic:  8/8        EV:  9    Int: 10    God:    Lugonu [**....]
Gold:   66         SH:  0    Dex: 13    Spells: 5/5 levels left

rFire   . . .      SeeInvis +   y - +0 flail
rCold   . . .      Faith    +   (no shield)
rNeg    . . .      Spirit   .   f - +0 scale mail
rPois   .          Reflect  .   (helmet unavailable)
rElec   .          Harm     .   (no cloak)
rCorr   .          Rampage  .   (no gloves)
Will    +....                   A - +0 pair of boots
Stlth   ..........              v - amulet of faith
HPRegen 0.16/turn               o - ring of willpower
MPRegen 0.11/turn               t - +4 ring of slaying

@: corroded
A: permanent stasis, dig shafts and tunnels, antennae 3, four strong arms
a: Dig, Shaft Self, Renounce Religion, Depart the Abyss, Bend Space


You were on level 3 of the Dungeon.
You worshipped Lugonu.
Lugonu was pleased with you.
You visited 1 branch of the dungeon, and saw 3 of its levels.
You visited the Abyss 1 time.

You collected 66 gold pieces.

Inventory:

Hand Weapons
 a - a +1 mace
 y - a +0 flail (weapon)
Missiles
 g - 10 bolts
 h - 33 stones
 j - 8 boomerangs (quivered)
 p - 32 sling bullets
 q - 5 poisoned darts
 s - 5 javelins
Armour
 f - a +0 scale mail (worn)
 A - a +0 pair of boots (worn)
Jewellery
 o - a ring of willpower (left hand)
 t - a +4 ring of slaying (right hand)
 v - an amulet of faith (around neck)
Wands
 w - a wand of flame (6)
Scrolls
 b - a scroll of blinking {unknown}
 k - a scroll of vulnerability {unknown}
 l - 2 scrolls of teleportation {unknown}
 n - a scroll of amnesia {unknown}
 r - a scroll of identify {unknown}
Potions
 d - a potion of flight {unknown}
 e - a potion of attraction {unknown}
 i - 2 potions of curing
 m - a potion of haste
 x - a potion of mutation {unknown}
 z - 2 potions of heal wounds {unknown}


   Skills:
 + Level 4.3 Fighting
 * Level 3.8 Maces & Flails
 + Level 3.3 Armour
 - Level 1.0 Dodging
 + Level 3.5 Invocations


You had 5 spell levels left.
You didn't know any spells.
Your spell library contained the following spells:

 Spells                   Type           Power      Damage    Failure   Level
 Manifold Assault         Tloc           0%         N/A       100%        5
 Storm Form               Tmut/Air       0%         N/A       100%        7
 Blink                    Tloc           Unusable   N/A       N/A         2

Dungeon Overview and Level Annotations

Branches:
Dungeon (3/15)

Altars:

Annotations:
D:3 Ijyb


Innate Abilities, Weirdness & Mutations

You cannot be hasted, slowed, berserked, paralysed or teleported.
You can dig through walls and to a lower floor.
You have a pair of large antennae on your head. (SInv)
Your four strong arms can wield two-handed weapons with a shield.


Message History

Ouch! That really hurt!
You are too injured to fight recklessly!
Ijyb zaps a wand.
The bolt of acid hits you!
* * * LOW HITPOINT WARNING * * *
The acid corrodes you!
Okay, then.
Okay, then.
It was a potion of curing.
You feel better.
Aiming: Throw Flame
Press: ? - help, Shift-Dir - straight line, f - Ijyb
Aim: Ijyb, wielding a +0 club, wearing a +0 scale mail and carrying a wand of acid (8) (64% to hit)
The puff of flame misses Ijyb.
Aiming: Throw Flame
Press: ? - help, Shift-Dir - straight line, f/p - Ijyb
Aim: Ijyb, wielding a +0 club, wearing a +0 scale mail and carrying a wand of acid (8) (64% to hit)
The puff of flame hits Ijyb.
Ijyb is lightly wounded.
Aiming: Throw Flame
Press: ? - help, Shift-Dir - straight line, f/p - Ijyb
Aim: Ijyb, wielding a +0 club, wearing a +0 scale mail and carrying a wand of acid (8) (lightly wounded, 64% to hit)
The puff of flame hits Ijyb but does no damage.
Ijyb is lightly wounded.
Aiming: Throw Flame
Press: ? - help, Shift-Dir - straight line, f/p - Ijyb
Aim: Ijyb, wielding a +0 club, wearing a +0 scale mail and carrying a wand of acid (8) (lightly wounded, 64% to hit)
The puff of flame hits Ijyb.
Ijyb is lightly wounded.
You closely miss Ijyb.
Ijyb is lightly wounded.
Ijyb screams, "Me stronger than you!" Ijyb closely misses you.
Ijyb zaps a wand.
The bolt of acid hits you. The acid corrodes you!
You hit Ijyb but do no damage.
Ijyb is lightly wounded.
Ijyb hits you but does no damage.
You hit Ijyb but do no damage.
Ijyb is lightly wounded.
Ijyb zaps a wand.
The bolt of acid hits you!!!
Ouch! That really hurt!
You die...

#....# ..#.......#
#...# #....#
#.#.......# ...#..
#....# #.#.......#
......#
########..#.######
....... #...#.#.#
.......## #...#...##
..⌠.....# #........#
......#.#### #......>.#
........g..###@.......#
......[###...g........#
.#...## ##############
...# .#


You could see Ijyb.

Vanquished Creatures
  Natasha (thrice) (D:2)
  4 gnolls
  2 adders
  2 dart slugs (D:1)
  10 endoplasms
  A giant cockroach (D:2)
  6 goblins
  5 hobgoblins
  2 jackals (D:1)
  4 kobolds (D:1)
  4 quokkas
  9 ball pythons
  5 bats
  3 frilled lizards
  6 rats
66 creatures vanquished.

Notes
Turn   | Place    | Note
-------+----------+-------------------------------------------
     0 | Abyss:1  | Gwenloh the Formicid Abyssal Knight began the quest for the
                  | Orb.
     0 | Abyss:1  | Reached XP level 1. HP: 18/18 MP: 2/2
    60 | Abyss:1  | Noticed a fire bat
    61 | D:1      | Escaped the Abyss
   125 | D:1      | Reached skill level 1 in Dodging
   167 | D:1      | Reached XP level 2. HP: 24/24 MP: 3/3
   489 | D:1      | Reached * piety under Lugonu
   705 | D:1      | Reached XP level 3. HP: 27/29 MP: 4/4
  1773 | D:2      | Found a faded altar of an unknown god.
  1803 | D:2      | Reached ** piety under Lugonu
  1814 | D:2      | Reached XP level 4. HP: 16/37 MP: 6/6
  2416 | D:2      | Noticed Natasha
  2423 | D:2      | Killed Natasha
  2494 | D:2      | Noticed Natasha
  2501 | D:2      | You fall into a shaft and drop 1 floor!
  2825 | D:3      | Reached XP level 5. HP: 39/42 MP: 7/7
  2869 | D:3      | Reached skill level 4 in Fighting
  3029 | D:2      | Killed Natasha
  3117 | D:2      | Noticed Natasha
  3128 | D:2      | Killed Natasha
  3603 | D:2      | Reached XP level 6. HP: 48/48 MP: 8/8
  3798 | D:2      | Upgraded the game from 0.28-a0-724-g66f9036eb4 to
                  | 0.28-a0-726-g4a9143789a
  3975 | D:3      | Noticed Ijyb
  3992 | D:3      | Killed from afar by Ijyb

Illustrated notes

Levels and vault maps discovered:
D:1:      minmay_arrival_up_and_down, layout_basic, nrook_loot_triangle
D:2:      layout_basic, ebering_ecumenical_altar_box, uniq_natasha
D:3:      minmay_skewed_foursquare, layout_basic, uniq_ijyb

Skill      XL: |  1  2  3  4  5 |
---------------+----------------+-----
Dodging        | 1 |  1.0
Maces & Flails | 3 |  3.8
Invocations    | 3 |  3.5
Armour         | 3 |  3.3
Fighting       | 4 |  4.3

Action                   |  1- 3 |  4- 6 || total
-------------------------+-------+-------++-------
Melee: Mace              |   121 |    43 ||   164
       Flail             |       |     6 ||     6
Throw: Stone             |    73 |     1 ||    74
       Dart              |    13 |    19 ||    32
       Boomerang         |       |    18 ||    18
Invok: Depart the Abyss  |     1 |       ||     1
 Abil: Dig               |    14 |    10 ||    24
       Shaft Self        |       |     1 ||     1
Evoke: Wand              |       |     7 ||     7
  Use: Potion            |       |     1 ||     1
Armor: Ring mail         |    48 |     4 ||    52
       Scale mail        |       |    13 ||    13
Dodge: Dodged            |    68 |    24 ||    92

Table legend: (Time is in decaauts)
 A = Elapsed time spent in this place.
 B = Non-inter-level travel time spent in this place.
 C = Inter-level travel time spent in this place.
 D = Time resting spent in this place.
 E = Time spent auto-exploring this place.
 F = Levels seen in this place.
 G = Mean time per level.
                   A        B        C        D        E       F      G
               +--------+--------+--------+--------+--------+-----+--------+
         Total |   4062 |   4016 |     46 |   1615 |    624 |   4 | 1015.5 |
       Dungeon |   4001 |   3955 |     46 |   1615 |    565 |   3 | 1333.7 |
         Abyss |     61 |     61 |      0 |      0 |     59 |   1 |   61.0 |
               +--------+--------+--------+--------+--------+-----+--------+

Top non-repeatable levels by time:
     D:2: 1950 daAuts
     D:1: 1388 daAuts
     D:3: 662 daAuts
 Abyss:1: 61 daAuts
